 Dungeon Crawl Stone Soup version 0.22-a0-247-gbddf880757 (webtiles) character file.

55 Peterchen the Chopper (level 3, -4/46 HPs)
             Began as a Minotaur Berserker on Feb 26, 2018.
             Was a Believer of Trog.
             Slain by a worker ant (7 damage)
             ... on level 3 of the Dungeon.
             The game lasted 00:03:19 (1382 turns).

Peterchen the Chopper (Minotaur Berserker)          Turns: 1382, Time: 00:03:20

Health: -4/46      AC:  2    Str: 27    XL:     3   Next: 67%
Magic:  2/2        EV:  7    Int:  4    God:    Trog [**....]
Gold:   122        SH: 12    Dex:  9    Spells: 2/2 levels left

rFire    . . .     SeeInvis .   a - +0 hand axe
rCold    . . .     Gourm    .   n - +0 large shield
rNeg     . . .     Faith    .   b - +0 animal skin
rPois    .         Spirit   .   (helmet restricted)
rElec    .         Reflect  .   (no cloak)
rCorr    .         Harm     .   (no gloves)
MR       .....                  (no boots)
Stlth    ..........             (no amulet)
HPRegen  0.15/turn              (no ring)
MPRegen  0.08/turn              (no ring)

@: berserking, lethally poisoned (-4 -> -16), very quick
A: retaliatory headbutt, horns 2
a: Berserk, Trog's Hand, Renounce Religion


You were on level 3 of the Dungeon.
You worshipped Trog.
Trog was pleased with you.
You were near starving.

You visited 1 branch of the dungeon, and saw 3 of its levels.

You collected 122 gold pieces.

Inventory:

Hand Weapons
 a - a +0 hand axe (weapon)
Armour
 b - a +0 animal skin (worn)
 n - a +0 large shield (worn)
Scrolls
 d - a scroll of amnesia
 e - 3 scrolls of teleportation
 h - 2 scrolls of enchant weapon
 i - a scroll of fog {unknown}
 j - a scroll of magic mapping {unknown}
 k - a scroll of noise {unknown}
Potions
 f - 2 potions of magic {unknown}
 l - 2 potions of mutation {unknown}
 m - a potion of heal wounds {unknown}
 o - a potion of curing {unknown}
Comestibles
 c - 4 rations
 g - 5 chunks of flesh


   Skills:
 - Level 3.6 Fighting
 + Level 5.7 Axes
 - Level 2.4 Armour
 - Level 2.1 Dodging


You had 2 spell levels left.
You didn't know any spells.

Dungeon Overview and Level Annotations

Branches:
Dungeon (3/15)

Altars:
Xom
Zin


Innate Abilities, Weirdness & Mutations

You reflexively headbutt those who attack you in melee.
You have a pair of horns on your head.


Message History

The worker ant poisons you! The worker ant bites you.
* * * LOW HITPOINT WARNING * * *
You are lethally poisoned!
The worker ant poisons you!
You hit the worker ant but do no damage.
Your headbutt misses the worker ant.
* * * LOW HITPOINT WARNING * * *
You feel sick. You block the worker ant's attack.
A red film seems to cover your vision as you go berserk!
You feel yourself moving faster!
You feel mighty!
You are near starving!
The worker ant bites you.
* * * LOW HITPOINT WARNING * * *
You are more poisoned.
The worker ant poisons you!
You barely miss the worker ant. You headbutt the worker ant!
The worker ant is almost dead.
* * * LOW HITPOINT WARNING * * *
You feel sick. The worker ant bites you!
You die...

...# ...#######.
.## .†.'.......
... ...#######.
..# .........#
##.### ########.#
#.... ... #.# #..#
#####.##.######..#
.........).)....@#
.........#######a#
#####..#.........#
............##?#
............ #..
###.....##.. #.#.
#.#...##... #.#.#
#.#...# .....# #
#.#


You could see a worker ant.

Vanquished Creatures
  A worm (D:3)
  A dart slug (D:2)
  A leopard gecko (D:1)
  5 orcs (D:3)
  3 bats
  4 giant cockroaches
  4 goblins
  7 hobgoblins
  4 kobolds
  5 frilled lizards
  4 rats
39 creatures vanquished.

Notes
Turn   | Place    | Note
-------+----------+-------------------------------------------
     0 | D:1      | Peterchen the Minotaur Berserker began the quest for the Orb.
     0 | D:1      | Reached XP level 1. HP: 19/19 MP: 0/0
    48 | D:1      | Reached skill level 4 in Axes
   124 | D:1      | Reached XP level 2. HP: 23/26 MP: 1/1
   540 | D:2      | Reached ** piety under Trog
   540 | D:2      | Reached skill level 5 in Axes
   698 | D:2      | Reached XP level 3. HP: 23/31 MP: 2/2
   985 | D:2      | Found a shimmering altar of Xom.
  1014 | D:2      | Found a glowing silver altar of Zin.
  1014 | D:2      | Noticed an angel
  1041 | D:2      | Found a faded altar of an unknown god.
  1382 | D:3      | Slain by a worker ant

Vault maps used:
D:1:      lemuel_arrival_behind_the_door_small
D:2:      grunt_temple_overflow_order_and_chaos_1,
          chequers_ecumenical_altar_twisty, serial_bayou_crossing
D:3:      nicolae_overflow_hidden_temple, uniq_ijyb

Skill      XL: |  1  2 |
---------------+-------+-----
Axes           | 4 5 |  5.7
Fighting       | |  3.6
Armour         | |  2.4
Dodging        | |  2.1

Action                   || total
-------------------------++-------
Melee: Hand axe          ||    96
       Headbutt          ||     6
Invok: Berserk           ||     3
  Use: Scroll            ||     3
 Stab: Sleeping          ||     1
  Eat: Chunk             ||     3
Armor: Animal skin       ||    17
Dodge: Dodged            ||    42
Block: Large shield      ||    21

Table legend:
 A = Spawn XP
 B = Non-spawn XP
 C = Spawn XP percentage of total XP
 D = Spawn monster count
 E = Non-spawn monster count
 F = Spawn count percentage of total count
 G = Total turns spent on level
                    A         B        C        D         E        F      G
               +---------+---------+-------+---------+---------+-------+---------
         Total |       0 |      79 |   0.0 |       0 |      39 |   0.0 |  1382
               +---------+---------+-------+---------+---------+-------+---------
           D:1 |       0 |      28 |   0.0 |       0 |      16 |   0.0 |   470
           D:2 |       0 |      21 |   0.0 |       0 |      12 |   0.0 |   823
           D:3 |       0 |      30 |   0.0 |       0 |      11 |   0.0 |    89
               +---------+---------+-------+---------+---------+-------+---------
